[Event "Titled Tuesday Blitz May 17 Late 2022"]
[White "Krstulovic, Alex"]
[Black "Ivanisevic, Ivan"]
[WhiteFideId "760056"]
[BlackFideId "912417"]
[WhiteElo "2193"]
[BlackElo "2495"]
[Result "0-1"]
[Round "05"]
[TimeControl "180+1"]
[Date "2022.05.17"]
[WhiteClock "0:00:05"]
[BlackClock "0:00:42"]

1. e4 c5 2. Nc3 Nc6 3. g3 g6 4. Bg2 Bg7 5. d3 d6 6. f4 b6 7. Nf3 Bb7 8. O-O Qd7 9. f5 Nd4 10. g4 gxf5 11. gxf5 O-O-O 12. a4 Nxf3+ 13. Qxf3 Bd4+ 14. Kh1 Nf6 15. Nb5 Be5 16. Nxa7+ Kb8 17. Nb5 Rhg8 18. Bf4 Bxf4 19. Qxf4 Rg4 20. Qe3 Rdg8 21. Bf3 d5 22. Bxg4 Rxg4 23. Rg1 d4 24. Qe2 Nxe4 25. dxe4 Bxe4+ 26. Qxe4 Rxe4 27. Rg8+ Kb7 28. Rf1 Re2 29. Kg1 Qd5 30. c4 Qe5 0-1


[Site "https://www.chess.com"]

[Event "Titled Tuesday Blitz May 17 Late 2022"]
[White "Makarian, Rudik"]
[Black "Svane, Rasmus"]
[WhiteFideId "44105681"]
[BlackFideId "4657101"]
[WhiteElo "2419"]
[BlackElo "2674"]
[Result "1-0"]
[Round "05"]
[TimeControl "180+1"]
[Date "2022.05.17"]
[WhiteClock "0:00:03"]
[BlackClock "0:00:01"]

1. d3 d5 2. f4 Nf6 3. Nf3 g6 4. g3 Bg7 5. Bg2 O-O 6. O-O c5 7. Ne5 Nc6 8. Nxc6 bxc6 9. c4 Rb8 10. Nc3 dxc4 11. dxc4 Qd4+ 12. Qxd4 cxd4 13. Na4 Be6 14. b3 Ng4 15. Rb1 Bf5 16. Ba3 Bxb1 17. Rxb1 d3 18. Bc5 Rfd8 19. Bf3 h5 20. h3 Nh6 21. e4 Bd4+ 22. Kf1 e5 23. Rd1 h4 24. Be7 hxg3 25. Bxd8 Rxd8 26. fxe5 Bxe5 27. Nc5 d2 28. Ke2 Bf4 29. Nd3 g5 30. Nxf4 gxf4 31. Rxd2 Rxd2+ 32. Kxd2 f6 33. b4 Nf7 34. b5 c5 35. e5 Nxe5 36. Bd5+ Kg7 37. Ke2 Kh6 38. a4 Kg5 39. a5 Kh4 40. b6 axb6 41. a6 Kxh3 42. a7 g2 43. Bxg2+ Kxg2 44. a8=Q+ f3+ 45. Ke1 Kg1 46. Qg8+ Kh2 47. Qg7 Kh3 48. Kf2 1-0


[Site "https://www.chess.com"]

[Event "Titled Tuesday Blitz May 17 Late 2022"]
[White "Martinez Reyes, Pedro Ramon"]
[Black "Svane, Frederik"]
[WhiteFideId "3901807"]
[BlackFideId "12923044"]
[WhiteElo "2410"]
[BlackElo "2459"]
[Result "1/2-1/2"]
[Round "05"]
[TimeControl "180+1"]
[Date "2022.05.17"]
[WhiteClock "0:00:27"]
[BlackClock "0:00:43"]

1. Nf3 c5 2. b3 Nf6 3. Bb2 g6 4. g3 Bg7 5. Bg2 O-O 6. O-O b6 7. d4 Bb7 8. c4 cxd4 9. Nxd4 Bxg2 10. Kxg2 Nc6 11. Nxc6 dxc6 12. Qc2 h5 13. Nd2 h4 14. Nf3 hxg3 15. hxg3 Qd7 16. Rad1 Qf5 17. Qxf5 gxf5 18. Bxf6 Bxf6 19. Nd4 Bxd4 20. Rxd4 e6 21. Rfd1 a5 22. Rd7 c5 23. Kf3 Kg7 24. R1d6 Kf6 25. Rxb6 a4 26. Rc7 axb3 27. axb3 Rfc8 28. Rxc8 Rxc8 29. e4 Rd8 30. exf5 Kxf5 31. Rb5 Rd3+ 32. Ke2 Ke4 33. g4 Rc3 34. Kd2 Rf3 35. Ke2 Rc3 36. Kd2 Rf3 37. Ke2 Rc3 1/2-1/2


[Site "https://www.chess.com"]

[Event "Titled Tuesday Blitz May 17 Late 2022"]
[White "Melkumyan, Hrant"]
[Black "Gabrielian, Artur"]
[WhiteFideId "13302485"]
[BlackFideId "4131002"]
[WhiteElo "2604"]
[BlackElo "2440"]
[Result "0-1"]
[Round "05"]
[TimeControl "180+1"]
[Date "2022.05.17"]
[WhiteClock "0:00:20"]
[BlackClock "0:00:11"]

1. d4 Nf6 2. c4 g6 3. Nc3 Bg7 4. e4 d6 5. f3 O-O 6. Nge2 e5 7. Be3 c6 8. Qd2 a6 9. Rd1 Nbd7 10. a4 Re8 11. d5 cxd5 12. Nxd5 Nxd5 13. Qxd5 Nf6 14. Qd2 Be6 15. Nc3 Rc8 16. b3 Nh5 17. Be2 Nf4 18. O-O Qg5 19. Bd3 Qf6 20. Rf2 h5 21. Bf1 h4 22. Qe1 Qe7 23. Rfd2 Red8 24. Qf2 Rd7 25. a5 f5 26. exf5 gxf5 27. Bxf4 exf4 28. Nd5 Bxd5 29. Rxd5 Rc5 30. b4 Rxd5 31. Rxd5 Qe3 32. Qxe3 fxe3 33. f4 Bc3 34. Bd3 Bxb4 35. Kf1 Rc7 36. Ke2 Bc5 37. Rxf5 Rg7 38. Kf3 h3 39. g4 e2 40. Bxe2 Re7 41. Rxc5 dxc5 42. g5 b6 43. axb6 a5 44. f5 a4 45. f6 Rb7 46. Kf4 a3 47. Bf3 Rxb6 48. Bd5+ Kf8 49. Kf5 a2 50. g6 Rxf6+ 51. Kxf6 a1=Q+ 52. Kf5 Kg7 0-1


[Site "https://www.chess.com"]

[Event "Titled Tuesday Blitz May 17 Late 2022"]
[White "Mikhailov, Viacheslav"]
[Black "Rasulov, Vugar"]
[WhiteFideId "4187369"]
[BlackFideId "13402390"]
[WhiteElo "2381"]
[BlackElo "2560"]
[Result "0-1"]
[Round "05"]
[TimeControl "180+1"]
[Date "2022.05.17"]
[WhiteClock "0:00:31"]
[BlackClock "0:01:33"]

1. Nf3 d5 2. g3 Nf6 3. Bg2 c6 4. O-O Bg4 5. c4 e6 6. d4 Nbd7 7. Nc3 Be7 8. Qb3 Qb6 9. c5 Qa6 10. Re1 b6 11. cxb6 axb6 12. h3 Bh5 13. g4 Bg6 14. Bf4 O-O 15. Nh4 c5 16. Nxg6 hxg6 17. e3 c4 18. Qb5 Qxb5 19. Nxb5 Ra5 20. a4 Rfa8 21. Nc7 Rc8 22. Nb5 Bb4 23. Rec1 Ne8 24. e4 Ndf6 25. exd5 Nxd5 26. Bg3 g5 27. Kh2 Bd2 28. Rc2 Bf4 29. Bxf4 Nxf4 30. b3 Nxg2 31. Kxg2 Rca8 32. Rxc4 Rxb5 33. axb5 Rxa1 34. Rc6 Rb1 35. Rxb6 Rxb3 36. Rb8 Kf8 37. b6 Rb4 38. b7 Ke7 39. f4 gxf4 40. h4 Nf6 41. Kf3 g6 42. Kxf4 Rxd4+ 43. Kf3 Rb4 44. g5 Nd7 0-1


[Site "https://www.chess.com"]

[Event "Titled Tuesday Blitz May 17 Late 2022"]
[White "Mortazavi, Ali"]
[Black "Santos Ruiz, Miguel"]
[WhiteFideId "401323"]
[BlackFideId "22291482"]
[WhiteElo "2339"]
[BlackElo "2486"]
[Result "0-1"]
[Round "05"]
[TimeControl "180+1"]
[Date "2022.05.17"]
[WhiteClock "0:00:07"]
[BlackClock "0:00:27"]

1. Nf3 d5 2. g3 Nd7 3. Bg2 e5 4. d3 Ngf6 5. O-O c6 6. Nc3 Bc5 7. Nxe5 Nxe5 8. d4 Bd6 9. dxe5 Bxe5 10. Na4 O-O 11. Nc5 Re8 12. Nd3 Bd6 13. b3 Bg4 14. f3 Bf5 15. Bb2 h6 16. Kh1 Qe7 17. Re1 Ba3 18. Bxa3 Qxa3 19. Qd2 Re7 20. e3 Rae8 21. g4 Bh7 22. h4 Qd6 23. Qf2 Nd7 24. Rad1 Nc5 25. Nf4 Qf6 26. Rd2 Qc3 27. Rde2 a5 28. g5 hxg5 29. hxg5 Re5 30. Nh3 Bf5 31. f4 R5e7 32. Ng1 g6 33. Nf3 Kg7 34. Ne5 Rh8+ 35. Kg1 Ne4 36. Qf3 Rh4 37. Bf1 Re8 38. Rd1 Reh8 39. Bg2 Nxg5 40. Qf2 Nh3+ 41. Bxh3 Rxh3 0-1


[Site "https://www.chess.com"]

[Event "Titled Tuesday Blitz May 17 Late 2022"]
[White "Moskalenko, Alexander"]
[Black "Pichot, Alan"]
[WhiteFideId "4155351"]
[BlackFideId "110973"]
[WhiteElo "2434"]
[BlackElo "2579"]
[Result "0-1"]
[Round "05"]
[TimeControl "180+1"]
[Date "2022.05.17"]
[WhiteClock "0:00:01"]
[BlackClock "0:00:25"]

1. Nf3 Nf6 2. c4 e6 3. Nc3 d5 4. d4 dxc4 5. e4 b5 6. e5 Nfd7 7. Nxb5 Nb6 8. Be2 Nc6 9. O-O Be7 10. Qd2 Bb7 11. Qf4 Qd7 12. Nc3 f5 13. exf6 gxf6 14. b3 O-O 15. bxc4 Rad8 16. Be3 Na5 17. Rab1 Ba6 18. c5 Bxe2 19. Nxe2 Nd5 20. Qh6 Nc4 21. Ng3 Kh8 22. Rfe1 Rg8 23. Bc1 Rg6 24. Qh3 Rdg8 25. Qxe6 Qxe6 26. Rxe6 f5 27. Rxg6 hxg6 28. Ne2 Bf6 29. Nf4 Nc3 30. Rb7 g5 31. Nh5 Bd8 32. Bb2 Nd5 33. Ne5 Re8 34. f4 Nxb2 35. Rxb2 gxf4 36. Kf2 Kh7 37. Kf3 Bg5 38. Rb7 Kh6 39. h4 Kxh5 40. hxg5 Kxg5 41. c6 Kf6 42. Rxa7 Rg8 43. Kf2 Rg3 44. Nf3 Ke6 45. a4 Kd6 46. Ra8 Ne3 47. Ne1 Ng4+ 48. Kf1 Ra3 49. Nf3 Ra1+ 50. Ke2 Ra2+ 51. Kd3 Rxg2 52. Ne5 Nxe5+ 53. dxe5+ Kxe5 54. Re8+ Kd5 55. Rf8 Rg3+ 56. Kc2 Ke4 57. Re8+ Kd4 58. Rd8+ Ke3 59. a5 f3 60. a6 f2 61. Rd3+ Kf4 62. Rxg3 f1=Q 63. a7 Qf2+ 64. Kd1 Qxa7 65. Ra3 Qxa3 0-1


[Site "https://www.chess.com"]

[Event "Titled Tuesday Blitz May 17 Late 2022"]
[White "Nazari, Arad"]
[Black "Steinberg, Nitzan"]
[WhiteFideId "12577324"]
[BlackFideId "2801795"]
[WhiteElo "2129"]
[BlackElo "2471"]
[Result "0-1"]
[Round "05"]
[TimeControl "180+1"]
[Date "2022.05.17"]
[WhiteClock "0:00:12"]
[BlackClock "0:00:03"]

1. e4 c5 2. Nf3 e6 3. d4 cxd4 4. c3 d3 5. Bxd3 Nc6 6. O-O Nf6 7. c4 Bc5 8. Nc3 d6 9. a3 a6 10. b4 Ba7 11. Qe2 O-O 12. Be3 Bxe3 13. Qxe3 Ng4 14. Qe2 Qf6 15. Rac1 Nge5 16. Nxe5 dxe5 17. c5 a5 18. Qb2 h5 19. Nb5 h4 20. h3 axb4 21. axb4 Qg5 22. Ra1 Bd7 23. Bc4 Ne7 24. Qc1 Qf6 25. Nd6 Ng6 26. Qe3 Nf4 27. Nxb7 Qg6 28. Qf3 Rab8 29. Ra7 Bc6 30. Na5 Bxe4 31. Qg4 Qxg4 32. hxg4 Rxb4 33. f3 Bd5 34. Rc1 Rc8 35. Bf1 g5 36. c6 e4 37. fxe4 Bxe4 38. Ba6 Rb2 39. Bxc8 Rxg2+ 40. Kf1 h3 41. Bxe6 h2 42. Ra8+ Kg7 43. Rg8+ Kxg8 44. Bxf7+ Kg7 45. Bd5 h1=Q# 0-1


[Site "https://www.chess.com"]

[Event "Titled Tuesday Blitz May 17 Late 2022"]
[White "Norowitz, Yaacov"]
[Black "Indjic, Aleksandar"]
[WhiteFideId "2024799"]
[BlackFideId "911925"]
[WhiteElo "2412"]
[BlackElo "2616"]
[Result "1-0"]
[Round "05"]
[TimeControl "180+1"]
[Date "2022.05.17"]
[WhiteClock "0:01:06"]
[BlackClock "0:00:43"]

1. d4 Nf6 2. e3 d6 3. Nf3 Nbd7 4. Be2 e5 5. O-O g6 6. b3 e4 7. Nfd2 Qe7 8. c4 c6 9. Nc3 d5 10. cxd5 cxd5 11. Nb5 Nb8 12. Ba3 Qd8 13. Qc2 Nc6 14. Bxf8 Kxf8 15. Qc5+ Kg7 16. Rac1 Bd7 17. Nd6 Rb8 18. f3 exf3 19. Nxf3 b6 20. Qa3 a5 21. Ne5 Nb4 22. Ndxf7 Qe7 23. Nxh8 Rxh8 24. Rc7 Rd8 25. Bb5 Kg8 26. Qc1 Qe6 27. Bxd7 Nxd7 28. Rxd7 1-0


[Site "https://www.chess.com"]

[Event "Titled Tuesday Blitz May 17 Late 2022"]
[White "Ohanyan, Emin"]
[Black "Fedoseev, Vladimir"]
[WhiteFideId "13312022"]
[BlackFideId "24130737"]
[WhiteElo "1927"]
[BlackElo "2726"]
[Result "0-1"]
[Round "05"]
[TimeControl "180+1"]
[Date "2022.05.17"]
[WhiteClock "0:00:28"]
[BlackClock "0:01:24"]

1. e4 c6 2. d4 d5 3. Nc3 dxe4 4. Nxe4 Nd7 5. Ng5 g6 6. N1f3 Nh6 7. Bc4 Nb6 8. Bb3 Bg7 9. h4 Nd5 10. c4 Nf6 11. Be3 Nf5 12. Qe2 Nxe3 13. fxe3 h6 14. Nh3 Ne4 15. Rh2 Qa5+ 16. Kd1 Bf5 17. Bc2 e5 18. g4 Ng3 19. Qg2 Bxc2+ 20. Kxc2 Ne4 21. Nxe5 Nd6 22. c5 Bxe5 23. cxd6 Bxh2 24. Qxh2 O-O-O 25. Rf1 Qxa2 26. Kc3 Rhe8 27. Qf4 Re6 28. Qxh6 Rexd6 29. Ng5 c5 30. d5 Rxd5 0-1


[Site "https://www.chess.com"]

[Event "Titled Tuesday Blitz May 17 Late 2022"]
[White "Paravyan, David"]
[Black "Puranik, Abhimanyu"]
[WhiteFideId "4194985"]
[BlackFideId "5061245"]
[WhiteElo "2569"]
[BlackElo "2520"]
[Result "1-0"]
[Round "05"]
[TimeControl "180+1"]
[Date "2022.05.17"]
[WhiteClock "0:00:09"]
[BlackClock "0:00:01"]

1. e4 e5 2. Nf3 Nc6 3. Nc3 Nf6 4. d4 exd4 5. Nxd4 Bb4 6. Nxc6 bxc6 7. Bd3 d5 8. exd5 O-O 9. O-O cxd5 10. Bg5 c6 11. Qf3 a5 12. Na4 Be6 13. h3 h6 14. Bf4 Bd6 15. Rad1 c5 16. b3 Rb8 17. Rfe1 Re8 18. Be5 Bxe5 19. Rxe5 Qc7 20. Qg3 Rb7 21. Rde1 c4 22. Bf5 Bxf5 23. Rxe8+ Nxe8 24. Rxe8+ Kh7 25. Qxc7 Rxc7 26. c3 d4 27. cxd4 c3 28. Re1 c2 29. Rc1 Rd7 30. g4 Rxd4 31. Nb2 Bg6 32. Kf1 Kg8 33. Ke2 Kf8 34. f3 Ke7 35. Nc4 a4 36. Ne5 axb3 37. axb3 Rd6 38. Nxg6+ fxg6 39. Rxc2 Rb6 40. Rb2 Rb4 41. Kd3 g5 42. Kc3 Rf4 43. Rf2 Kd6 44. Rd2+ Kc5 45. Rd3 Kb5 46. Rd5+ Kc6 47. Rf5 Rxf5 48. gxf5 Kd5 49. b4 1-0


[Site "https://www.chess.com"]

[Event "Titled Tuesday Blitz May 17 Late 2022"]
[White "Riehle, Marco"]
[Black "Kamsky, Gata"]
[WhiteFideId "12904392"]
[BlackFideId "2000024"]
[WhiteElo "2462"]
[BlackElo "2645"]
[Result "1-0"]
[Round "05"]
[TimeControl "180+1"]
[Date "2022.05.17"]
[WhiteClock "0:02:20"]
[BlackClock "0:02:14"]

1. e4 c5 2. a3 b6 3. b4 Bb7 4. Nc3 Nc6 5. b5 Nd4 6. Nf3 e6 7. Bb2 Nf6 8. d3 d5 9. exd5 Nxd5 10. Nxd4 cxd4 11. Ne4 Nf6 12. Qf3 Be7 13. Nxf6+ Bxf6 14. Qxb7 O-O 15. Be2 1-0


[Site "https://www.chess.com"]

[Event "Titled Tuesday Blitz May 17 Late 2022"]
[White "Sadhwani, Raunak"]
[Black "Donchenko, Alexander"]
[WhiteFideId "35093487"]
[BlackFideId "24603295"]
[WhiteElo "2616"]
[BlackElo "2572"]
[Result "1/2-1/2"]
[Round "05"]
[TimeControl "180+1"]
[Date "2022.05.17"]
[WhiteClock "0:00:03"]
[BlackClock "0:01:02"]

1. c4 Nf6 2. Nc3 e5 3. Nf3 Nc6 4. d3 Bb4 5. Bd2 O-O 6. e3 d5 7. cxd5 Nxd5 8. Rc1 Be6 9. a3 Be7 10. Be2 Qd7 11. O-O Rad8 12. Ne4 f6 13. b4 a6 14. Nc5 Bxc5 15. Rxc5 Nb6 16. Qc2 Bf5 17. e4 Bg4 18. Be3 Kh8 19. Rd1 Na8 20. h3 Bxf3 21. Bxf3 Nd4 22. Bxd4 Qxd4 23. Rc4 Qb6 24. Qc3 Rd4 25. Rxd4 Qxd4 26. Qxd4 exd4 27. e5 c6 28. exf6 gxf6 29. Re1 Kg7 30. Re4 Nc7 31. Rxd4 Nb5 32. Rg4+ Kf7 33. Rh4 Kg7 34. Rg4+ Kf7 35. a4 Nc3 36. a5 Rd8 37. Rh4 Kg6 38. Rc4 Rxd3 39. Be4+ Nxe4 40. Rxe4 Rd5 41. Rg4+ Kf7 42. Rc4 Rb5 43. g3 c5 44. bxc5 Rxa5 45. c6 bxc6 46. Rxc6 h5 47. Kg2 Ra3 48. Rc4 Kg6 49. Rc5 Kh6 50. Kf1 Ra2 51. Rc3 a5 52. Kg2 a4 53. Kf3 Kg6 54. Rc4 Kh6 55. h4 Kg6 56. Ke3 Kh6 57. f3 Kg6 58. Kf4 a3 59. Ra4 Ra1 60. Ra7 a2 61. Ra6 Kg7 62. Ra5 Kg6 63. Ra7 Kh6 64. Ra6 Kg6 65. Ra5 Kh6 66. Ra3 Kg6 67. Ra7 Kh6 68. Ra6 Kg6 69. Ra5 Kh6 70. Ra4 Kg6 71. Ra6 Kg7 72. Ra7+ Kg6 73. Ra5 1/2-1/2


[Site "https://www.chess.com"]

[Event "Titled Tuesday Blitz May 17 Late 2022"]
[White "Salem, A.R. Saleh"]
[Black "Kaasen, Tor Fredrik"]
[WhiteFideId "9301348"]
[BlackFideId "1516647"]
[WhiteElo "2679"]
[BlackElo "2335"]
[Result "1-0"]
[Round "05"]
[TimeControl "180+1"]
[Date "2022.05.17"]
[WhiteClock "0:00:18"]
[BlackClock "0:00:01"]

1. d4 Nf6 2. c4 g6 3. Nc3 d5 4. cxd5 Nxd5 5. e4 Nxc3 6. bxc3 Bg7 7. Bc4 c5 8. Ne2 O-O 9. O-O Nc6 10. Be3 Bg4 11. f3 Bd7 12. Rb1 cxd4 13. cxd4 a6 14. Qd2 Na5 15. Bd3 Bb5 16. Rfc1 Bxd3 17. Qxd3 b5 18. a4 bxa4 19. Qa3 Nb3 20. Rc4 Rb8 21. Rd1 a5 22. Qxa4 Qb6 23. Kf2 Qb5 24. Rd3 Rfd8 25. d5 Qxa4 26. Rxa4 e6 27. Ra3 Na1 28. Bg5 f6 29. Bf4 Nc2 30. Rxa5 Rbc8 31. Bd2 exd5 32. exd5 Bf8 33. Rc3 Rxc3 34. Bxc3 Nb4 35. Nf4 1-0


[Site "https://www.chess.com"]

[Event "Titled Tuesday Blitz May 17 Late 2022"]
[White "Schekachikhin, Maksim"]
[Black "Jones, Gawain C B"]
[WhiteFideId "24177830"]
[BlackFideId "409561"]
[WhiteElo "2239"]
[BlackElo "2657"]
[Result "0-1"]
[Round "05"]
[TimeControl "180+1"]
[Date "2022.05.17"]
[WhiteClock "0:01:37"]
[BlackClock "0:01:41"]

1. b3 a5 2. c4 a4 3. Bb2 e6 4. Nf3 axb3 5. axb3 Rxa1 6. Bxa1 d5 7. e3 Nc6 8. Be2 Nf6 9. O-O Bd6 10. Nc3 O-O 11. Qb1 Nb4 12. Nb5 Be7 13. Ng5 h6 14. Bxf6 hxg5 15. Bc3 c6 16. Nd4 f5 17. Nc2 Nxc2 18. Qxc2 Bd6 19. Qb2 Qc7 20. h3 e5 21. cxd5 cxd5 22. Rc1 Qe7 23. b4 d4 24. exd4 exd4 25. Bc4+ Be6 26. Bxd4 Bxc4 27. Bxg7 Re8 28. g3 Bd5 0-1


[Site "https://www.chess.com"]

[Event "Titled Tuesday Blitz May 17 Late 2022"]
[White "Shuvalova, Polina"]
[Black "Risteski, Emil"]
[WhiteFideId "24171760"]
[BlackFideId "15005267"]
[WhiteElo "2355"]
[BlackElo "2070"]
[Result "0-1"]
[Round "05"]
[TimeControl "180+1"]
[Date "2022.05.17"]
[WhiteClock "0:00:25"]
[BlackClock "0:00:09"]

1. e4 d6 2. d4 Nf6 3. Nc3 e5 4. Nf3 Nbd7 5. Bc4 Be7 6. O-O O-O 7. Re1 c6 8. a4 a5 9. Ba2 exd4 10. Nxd4 Nc5 11. h3 Re8 12. Bf4 Bf8 13. Qf3 Ne6 14. Nxe6 Bxe6 15. Bxe6 Rxe6 16. Rad1 Qe8 17. Re3 Nd7 18. Qg3 Ne5 19. b3 Rg6 20. Qh2 Qe6 21. Ne2 Qf6 22. Bg3 Rh6 23. Bxe5 dxe5 24. Rf3 Qe7 25. Ng3 Re6 26. Nf5 Qe8 27. Qg3 g6 28. Rfd3 Kh8 29. Ne3 Bc5 30. Nc4 b5 31. Nd6 Qe7 32. axb5 Rxd6 33. Rxd6 Bxd6 34. bxc6 Rc8 35. Qc3 Bb4 36. Qc4 Qe6 37. Qa6 Rxc6 38. Rd8+ Kg7 39. Qe2 Rd6 40. Ra8 Qd7 41. g3 Rd1+ 42. Kg2 Rd2 43. Qc4 Qd4 44. Qxd4 exd4 45. Rc8 Bc3 46. Kf3 Rxc2 47. e5 Rb2 48. Ke4 Rxb3 49. f4 a4 50. Rc7 Rb6 51. g4 a3 52. Ra7 Bb2 53. f5 gxf5+ 54. gxf5 d3 55. e6 d2 56. Rxf7+ Kg8 57. Rd7 a2 58. e7 Kf7 59. Rxd2 a1=Q 60. Rd8 Qe1+ 61. Kf3 Qxe7 0-1


[Site "https://www.chess.com"]

[Event "Titled Tuesday Blitz May 17 Late 2022"]
[White "Sjugirov, Sanan"]
[Black "Rychagov, Andrey"]
[WhiteFideId "4189302"]
[BlackFideId "4119932"]
[WhiteElo "2602"]
[BlackElo "2500"]
[Result "1/2-1/2"]
[Round "05"]
[TimeControl "180+1"]
[Date "2022.05.17"]
[WhiteClock "0:00:02"]
[BlackClock "0:00:02"]

1. e4 e6 2. d4 d5 3. e5 c5 4. c3 Qb6 5. Nf3 Nc6 6. a3 Nh6 7. b4 cxd4 8. cxd4 Nf5 9. Be3 Bd7 10. Bd3 Be7 11. Bxf5 exf5 12. Nc3 Be6 13. O-O O-O 14. Qd3 h6 15. Na4 Qd8 16. Nc5 b6 17. Nxe6 fxe6 18. Rfc1 Rc8 19. Bd2 Qd7 20. b5 Nb8 21. a4 Rxc1+ 22. Rxc1 Rc8 23. Rc3 Qb7 24. Ne1 Kf7 25. Qc2 Rxc3 26. Qxc3 Bd8 27. Nd3 Qc7 28. Qb3 Be7 29. h3 a5 30. g4 fxg4 31. hxg4 g5 32. Kg2 Nd7 33. f4 gxf4 34. Nxf4 Nf8 35. Nh5 Bg5 36. Qf3+ Ke8 37. Bxg5 hxg5 38. Nf6+ Ke7 39. Ng8+ Ke8 40. Nf6+ Ke7 41. Qa3+ Kf7 42. Qf3 Qc2+ 43. Kg3 Ke7 44. Ng8+ Ke8 45. Nh6 Qg6 46. Qf6 Qd3+ 47. Kg2 Qe2+ 48. Kg3 Qd3+ 49. Kg2 Qe2+ 50. Qf2 Qe4+ 51. Kh2 Qg6 52. Qf6 Qc2+ 53. Kg3 Qd3+ 1/2-1/2


[Site "https://www.chess.com"]

[Event "Titled Tuesday Blitz May 17 Late 2022"]
[White "Solon, Nathan"]
[Black "Stevens, Christian"]
[WhiteFideId "2017229"]
[BlackFideId "2604450"]
[WhiteElo "2575"]
[BlackElo "2459"]
[Result "1-0"]
[Round "05"]
[TimeControl "180+1"]
[Date "2022.05.17"]
[WhiteClock "0:00:33"]
[BlackClock "0:00:00"]

1. d4 Nf6 2. Nc3 d5 3. Bf4 e6 4. Nb5 Bb4+ 5. c3 Ba5 6. e3 O-O 7. Nf3 a6 8. Na3 Nbd7 9. Bd3 c6 10. O-O Bc7 11. Nc2 Re8 12. Ne5 Nxe5 13. Bxe5 Nd7 14. f4 g6 15. Bxc7 Qxc7 16. e4 dxe4 17. Bxe4 c5 18. Qf3 Nf6 19. Rad1 Nxe4 20. Qxe4 Bd7 21. Qe5 Rac8 22. Qxc7 Rxc7 23. dxc5 Bb5 24. Rfe1 Rxc5 25. Nd4 Rec8 26. Kf2 Ba4 27. Rd2 Be8 28. Re3 R5c7 29. Nf3 Bc6 30. Ne5 Bd5 31. a3 Kg7 32. g4 h6 33. h4 f6 34. Nf3 Kf7 35. Nd4 Rc4 36. Rde2 Re8 37. Kg3 Rc7 38. b3 Rce7 39. c4 e5 40. fxe5 Rxe5 41. Rxe5 fxe5 42. cxd5 exd4 43. Rxe8 Kxe8 44. Kf4 Ke7 45. Ke4 Kf6 46. Kxd4 1-0


[Site "https://www.chess.com"]

[Event "Titled Tuesday Blitz May 17 Late 2022"]
[White "Stoleriu, George"]
[Black "Pap, Gyula"]
[WhiteFideId "1227505"]
[BlackFideId "725323"]
[WhiteElo "2194"]
[BlackElo "2553"]
[Result "0-1"]
[Round "05"]
[TimeControl "180+1"]
[Date "2022.05.17"]
[WhiteClock "0:00:20"]
[BlackClock "0:00:18"]

1. e4 c6 2. Nf3 d5 3. exd5 cxd5 4. Ne5 Nf6 5. d4 g6 6. Bb5+ Nbd7 7. O-O Bg7 8. Nd2 O-O 9. Ndf3 Ne4 10. c3 Ndf6 11. Bd3 Bf5 12. Bf4 Nh5 13. Be3 f6 14. g4 fxe5 15. gxf5 Rxf5 16. dxe5 e6 17. Bxe4 dxe4 18. Qxd8+ Rxd8 19. Ng5 Rxe5 20. Rad1 Rdd5 21. c4 Rxg5+ 22. Bxg5 Rxg5+ 23. Kh1 Rf5 24. Rd8+ Rf8 25. Rfd1 Nf6 26. Rxf8+ Kxf8 27. Rd8+ Ke7 28. Rb8 b6 29. Rb7+ Nd7 30. Rxa7 Bxb2 31. Rb7 Bd4 32. Kg2 Kd6 33. Ra7 h5 34. Ra8 g5 35. Rg8 g4 36. Rg5 Nf6 37. a4 h4 38. a5 h3+ 39. Kf1 bxa5 40. Rxa5 Be5 41. Kg1 Nd7 42. Ra6+ Ke7 43. Ra7 Bd4 44. Rb7 Kd6 45. Kf1 Ne5 46. Kg1 Nd3 47. Rf7 Nxf2 48. Rxf2 Kc5 49. Kf1 Bxf2 50. Kxf2 Kxc4 51. Ke3 Kd5 52. Kf4 e3 53. Kxg4 e2 54. Kxh3 e1=Q 0-1


[Site "https://www.chess.com"]

[Event "Titled Tuesday Blitz May 17 Late 2022"]
[White "Suleymanli, Aydin"]
[Black "Dardha, Daniel"]
[WhiteFideId "13413937"]
[BlackFideId "240990"]
[WhiteElo "2481"]
[BlackElo "2482"]
[Result "1-0"]
[Round "05"]
[TimeControl "180+1"]
[Date "2022.05.17"]
[WhiteClock "0:01:20"]
[BlackClock "0:00:51"]

1. g3 d5 2. Bg2 h5 3. c4 dxc4 4. Qa4+ Bd7 5. Qxc4 Bc6 6. Nf3 e6 7. O-O Be7 8. h3 Nd7 9. Qc2 Ngf6 10. d3 Bd6 11. e4 e5 12. a4 a5 13. b3 Qe7 14. Nbd2 Nc5 15. Nc4 Nfd7 16. Bg5 f6 17. Bd2 g5 18. Ne3 Ne6 19. Nf5 Qf8 20. d4 g4 21. d5 gxf3 22. Bxf3 Ndc5 23. dxc6 b6 24. Be2 Nd4 25. Nxd4 exd4 26. Bc4 h4 27. g4 Rd8 28. e5 d3 29. exd6 Qxd6 30. Qc1 f5 31. Re1+ Kf8 32. Qc3 Rh7 33. Re5 fxg4 34. Rf5+ Ke8 35. Re1+ Qe5 36. Qa1 1-0


[Site "https://www.chess.com"]

[Event "Titled Tuesday Blitz May 17 Late 2022"]
[White "Vasquez Schroeder, Rodrigo"]
[Black "Bortnyk, Olexandr"]
[WhiteFideId "3400042"]
[BlackFideId "14120828"]
[WhiteElo "2567"]
[BlackElo "2723"]
[Result "0-1"]
[Round "05"]
[TimeControl "180+1"]
[Date "2022.05.17"]
[WhiteClock "0:00:04"]
[BlackClock "0:00:16"]

1. e4 Nf6 2. d3 d5 3. Nd2 Nc6 4. Ngf3 e5 5. Be2 Bc5 6. c3 O-O 7. b4 Bd6 8. Bb2 Re8 9. a3 Bg4 10. h3 Bh5 11. O-O Bg6 12. Qc2 Ne7 13. Rfe1 c6 14. Bf1 a5 15. exd5 Nexd5 16. c4 Nf4 17. Bxe5 axb4 18. axb4 Rxa1 19. Bxa1 Rxe1 20. Nxe1 Bxb4 21. Bc3 Bc5 22. Nb3 Bb6 23. Qd2 Ne6 24. Nf3 Nd7 25. d4 Nf6 26. Qe3 Bc2 27. Nbd2 h6 28. Bd3 Bxd3 29. Qxd3 Qa8 30. d5 Nf4 31. Qf1 N6h5 32. Kh2 cxd5 33. g3 Qa3 34. Nb1 Qb3 35. gxf4 Nxf4 36. cxd5 Qxd5 37. Ne1 Qf5 38. Nd2 Bc7 39. Qc4 Qxh3+ 40. Kg1 Qg4+ 41. Kf1 Qh3+ 42. Kg1 Ne2+ 43. Qxe2 Qh2+ 44. Kf1 Qh1# 0-1


[Site "https://www.chess.com"]

[Event "Titled Tuesday Blitz May 17 Late 2022"]
[White "Wagner, Dennis"]
[Black "Demchenko, Anton"]
[WhiteFideId "24650684"]
[BlackFideId "4160258"]
[WhiteElo "2355"]
[BlackElo "2539"]
[Result "1-0"]
[Round "05"]
[TimeControl "180+1"]
[Date "2022.05.17"]
[WhiteClock "0:00:06"]
[BlackClock "0:00:09"]

1. e4 e5 2. Nf3 Nc6 3. Bc4 Nf6 4. d3 h6 5. c3 d6 6. O-O g6 7. d4 Qe7 8. Re1 Bg7 9. h3 O-O 10. a4 Bd7 11. a5 Rae8 12. Nbd2 Nh7 13. Qb3 b6 14. axb6 axb6 15. Bf1 exd4 16. cxd4 Nxd4 17. Nxd4 Bxd4 18. Qc4 c5 19. Nf3 Bg7 20. Ra7 Qe6 21. Bf4 Bc6 22. Qxe6 Rxe6 23. Bc4 Rf6 24. Bg3 b5 25. Ba2 c4 26. Nd4 Be8 27. h4 Kh8 28. e5 dxe5 29. Bxe5 Kg8 30. g3 g5 31. hxg5 Nxg5 32. Bxf6 Bxf6 33. Nf5 Nf3+ 34. Kf1 Nxe1 35. Kxe1 Bxb2 36. Nxh6+ Kg7 37. Nf5+ Kf6 38. Bb1 Rh8 39. Ra6+ Ke5 40. f4+ Kd5 41. Ke2 Kc5 42. Be4 Kb4 43. Nd6 c3 44. Ra8 Kb3 45. Nxe8 Rh2+ 46. Kf3 c2 47. Bxc2+ Rxc2 48. Nd6 b4 49. Nxf7 Bc3 50. Nd6 Kb2 51. g4 b3 52. g5 Rc1 53. f5 Rf1+ 54. Ke4 Re1+ 55. Kf4 Kc2 56. Nc4 Rf1+ 57. Ke4 Re1+ 58. Kd5 Rd1+ 59. Ke6 Rd4 60. Na3+ Kd3 61. f6 Re4+ 62. Kf5 Rb4 63. f7 Bg7 64. Rg8 Ra4 65. Nb1 Ra5+ 66. Kg4 Ra1 67. Rxg7 Rxb1 68. f8=Q Rg1+ 69. Kh5 b2 70. Rd7+ Kc2 71. Qc8+ Kb1 72. Rb7 Rh1+ 73. Kg6 Rc1 74. Qb8 Rc2 75. Rb3 Kc1 76. Rxb2 Rxb2 77. Qxb2+ Kxb2 78. Kf5 1-0


[Site "https://www.chess.com"]